 Dungeon Crawl Stone Soup version 0.29.0-4-gdea44cf6ec (webtiles) character file.

Game seed: 673081947117525029

27 qw the Chopper (level 3, 0/21 HPs)
             Began as a Tengu Warper on Aug 28, 2022.
             Slain by Jessica
             ... wielding a +2 club
              (7 damage)
             ... on level 2 of the Dungeon.
             The game lasted 00:00:05 (1539 turns).

qw the Chopper (Tengu Warper)                       Turns: 1539, Time: 00:00:06

Health: 0/21       AC:  3    Str: 13    XL:     3   Next: 10%
Magic:  7/7        EV: 12    Int: 13    God:
Gold:   57         SH:  0    Dex: 13    Spells: 6/6 levels left

rFire   . . .      SeeInvis .   Y - +0 hand axe
rCold   . . .      Faith    .   (no shield)
rNeg    . . .      Spirit   .   b - +0 leather armour
rPois   .          Reflect  .   (helmet restricted)
rElec   .          Harm     .   (no cloak)
rCorr   .          Rampage  .   (no gloves)
Will    .....                   (boots unavailable)
Stlth   +.........              (no amulet)
HPRegen 0.07/turn               (no ring)
MPRegen 0.10/turn               (no ring)

@: no status effects
A: beak, talons 3
a: no special abilities


You were on level 2 of the Dungeon.
You visited 1 branch of the dungeon, and saw 2 of its levels.

You collected 57 gold pieces.


Innate Abilities, Weirdness & Mutations

You have a beak for a mouth.
You have claws for feet.


   Skills:
 - Level 2.0 Fighting
 + Level 3.8 Axes
 - Level 1.0 Throwing
 - Level 1.1 Armour
 - Level 2.1 Dodging
 - Level 2.0 Spellcasting
 - Level 2.4 Translocations


You had 6 spell levels left.
You didn't know any spells.
Your spell library contained the following spells:

 Spells                   Type           Power      Damage    Failure   Level
 Blink                    Tloc           14%        N/A       19%         2
 Gell's Gravitas          Tloc           7%         N/A       36%         3
 Lesser Beckoning         Tloc           7%         N/A       36%         3
 Teleport Other           Tloc           7%         N/A       36%         3
 Manifold Assault         Tloc           7%         N/A       98%         5

Inventory:

Hand Weapons
 d - a +0 whip
 Y - a +0 hand axe (weapon)
Armour
 b - a +0 leather armour (worn)
Scrolls
 a - 2 scrolls of identify

Dungeon Overview and Level Annotations

Branches:
Dungeon (2/15)

Altars:

Annotations:
D:2 Jessica


Message History

A rat comes into view.
Found a hand axe.
A ball python comes into view. x2
The ball python hisses angrily. x2
You hit Jessica. You claw Jessica, but do no damage.
Jessica is moderately wounded.
Jessica hits you with a +2 club. x2
You hit Jessica. Your kick misses Jessica.
Jessica is severely wounded.
Jessica hits you with a +2 club. x2
You hit Jessica.
Jessica is severely wounded.
Jessica casts a spell.
Jessica blinks!
The rat bites you but does no damage.
Jessica casts a spell.
Jessica blinks!
The ball python barely misses you. x2
You hit the rat.
You kill the rat!
You hit the ball python but do no damage.
You hit the ball python.
You kill the ball python!
The ball python misses you. The ball python barely misses you.
You barely miss the ball python. The ball python closely misses you.
The ball python grabs you. The ball python constricts you.
Jessica shouts, "You're disturbing me!
I'll have to kill you!"
Jessica gestures wildly while chanting.
Jessica blinks!
The ball python barely misses you. The ball python constricts you.
You barely miss the ball python. Your kick misses the ball python.
The ball python bites you. The ball python constricts you.
You hit the ball python.
You kill the ball python!
Jessica says, "Why did you come here?" Jessica barely misses you.
Jessica hits you with a +2 club.
You hit Jessica. Your kick misses Jessica.
Jessica is almost dead.
Jessica hits you with a +2 club!
You die...

.# .# #. #.### . #.
....# #.###. #...$#
#.....###....#
##.....#@....##
........@.....##
....).......$..#
.).............#
....[..........#
........!..|...#
...............#
#.............##
##.....#.......######
#########..........#


You could see Jessica (fast).

Vanquished Creatures
  A dart slug (D:1)
  A bat (D:1)
  4 endoplasms (D:1)
  A goblin (D:1)
  2 hobgoblins (D:1)
  2 quokkas
  6 ball pythons
  3 kobolds (D:1)
  3 rats
23 creatures vanquished.

Notes
Turn   | Place    | Note
-------+----------+-------------------------------------------
     0 | D:1      | qw the Tengu Warper began the quest for the Orb.
     0 | D:1      | Reached XP level 1. HP: 12/12 MP: 4/4
     0 | D:1      | 0 ||| qw: Version: 0.1-a-89-g26bdef1
     0 | D:1      | 0 ||| qw: Game counter: 1238
     0 | D:1      | 0 ||| qw: Always use a shield: true
     0 | D:1      | 0 ||| qw: God list: Okawaru
     0 | D:1      | 0 ||| qw: Allow faded altars: false
     0 | D:1      | 0 ||| qw: Do Orc after D:15 true
     0 | D:1      | 0 ||| qw: Do second Lair branch before Depths: true
     0 | D:1      | 0 ||| qw: Lair rune preference: random
     0 | D:1      | 0 ||| qw: Plans: Normal
     0 | D:1      | 0 ||| PLANNING D:1-11
   265 | D:1      | Reached XP level 2. HP: 17/17 MP: 6/6
   283 | D:1      | Reached skill level 3 in Axes
   321 | D:1      | Found a faded altar of an unknown god.
   624 | D:1      | 624 ||| Stepping ~*~*~tactically~*~*~ (hiding).
   770 | D:1      | 770 ||| Stepping ~*~*~tactically~*~*~ (stealth).
   774 | D:1      | 774 ||| Stepping ~*~*~tactically~*~*~ (stealth).
  1213 | D:1      | 1213 ||| Stepping ~*~*~tactically~*~*~ (stealth).
  1227 | D:1      | 1227 ||| Stepping ~*~*~tactically~*~*~ (stealth).
  1428 | D:1      | 1428 ||| READING 3 scrolls labelled SADDUN BYMACW.
  1429 | D:1      | 1429 ||| READING scroll labelled KUBIOD GOESEH.
  1430 | D:1      | 1430 ||| READING scroll labelled WINITSEBIK.
  1431 | D:1      | 1431 ||| READING scroll labelled MYRHYKH TAMAU.
  1432 | D:1      | 1432 ||| DROPPING scroll of blinking.
  1449 | D:2      | Reached XP level 3. HP: 16/21 MP: 7/7
  1449 | D:2      | 1449 ||| STAIRDANCE
  1525 | D:2      | Noticed Jessica
  1539 | D:2      | Slain by Jessica

Levels and vault maps discovered:
D:1:      mrwooster_arrival_statue_2, layout_basic,
          nicolae_ecumenical_snake_handling
D:2:      layout_rooms, grunt_decor_junction, minmay_misc_feat_iff, uniq_jessica

Skill      XL: |  1  2 |
---------------+-------+-----
Axes           | 3 |  3.8
Fighting       | |  2.0
Throwing       | |  1.0
Armour         | |  1.1
Dodging        | |  2.1
Spellcasting   | |  2.0
Translocations | |  2.4

Action                   || total
-------------------------++-------
Melee: Hand axe          ||    47
       Kick              ||     6
       Peck              ||     2
       Punch             ||     1
Throw: Boomerang         ||     7
  Use: Scroll            ||     4
Armor: Leather armour    ||     6
Dodge: Dodged            ||    25

Table legend:
 A = Non-vault XP
 B = Vault XP
 C = Vault XP percentage of total XP
 D = Non-vault monster count
 E = Vault monster count
 F = Vault count percentage of total count
                 A         B        C        D         E       F
            +---------+---------+-------+---------+---------+-------
      Total |      34 |       5 |  12.8 |      20 |       3 |  13.0
            +---------+---------+-------+---------+---------+-------
        D:1 |      28 |       5 |  15.2 |      16 |       3 |  15.8
        D:2 |       6 |       0 |   0.0 |       4 |       0 |   0.0
            +---------+---------+-------+---------+---------+-------
